 Dungeon Crawl Stone Soup version 0.26.1-2-gb8aa6d0cf2 (webtiles) character file.

Game seed: 12702428539092680094

1637 Ladykiller69 the Carver (level 8, -1/74 HPs)
             Began as a Minotaur Gladiator on Mar 18, 2021.
             Slain by an orc warrior
             ... wielding a +0 scimitar
              (15 damage)
             ... on level 6 of the Dungeon.
             The game lasted 00:07:58 (6610 turns).

Ladykiller69 the Carver (Minotaur Gladiator)        Turns: 6610, Time: 00:07:59

Health: -1/74      AC:  3    Str: 22    XL:     8   Next: 66%
Magic:  7/7        EV: 12    Int:  5    God:
Gold:   293        SH:  0    Dex: 11    Spells: 7/7 levels left

rFire    . . .     SeeInvis .   a - +0 long sword
rCold    . . .     Faith    .   (no shield)
rNeg     . . .     Spirit   .   b - +0 leather armour
rPois    .         Reflect  .   c - +0 hat
rElec    .         Harm     .   H - scarf {repulsion}
rCorr    .         Rampage  .   (no gloves)
Will     .....                  (no boots)
Stlth    +.........             (no amulet)
HPRegen  0.22/turn              (no ring)
MPRegen  0.10/turn              (no ring)

@: repel missiles
A: retaliatory headbutt, horns 2
a: no special abilities


You were on level 6 of the Dungeon.
You visited 1 branch of the dungeon, and saw 6 of its levels.

You collected 293 gold pieces.

Inventory:

Hand Weapons
 a - a +0 long sword (weapon)
Missiles
 d - 3 throwing nets
 B - 16 poisoned darts
 G - 7 boomerangs
Armour
 b - a +0 leather armour (worn)
 c - a +0 hat (worn)
 D - a +0 cloak
 F - a +0 chain mail
 H - a scarf of repulsion (worn)
Jewellery
 e - an uncursed amulet of the acrobat {unknown}
 i - a cursed amulet of inaccuracy {unknown}
 s - an uncursed ring of protection from fire {unknown}
 w - an uncursed ring of resist corrosion
 y - an uncursed amulet of reflection {unknown}
 z - an uncursed amulet of faith {unknown}
Wands
 q - a wand of polymorph (8)
 t - a wand of flame (26) (quivered)
 E - a wand of enslavement (4)
Scrolls
 f - 9 scrolls of identify {unknown}
 g - 2 scrolls of teleportation {unknown}
 h - 2 scrolls of amnesia {unknown}
 j - 2 scrolls of magic mapping {unknown}
 r - 2 scrolls of noise {unknown}
 v - 2 scrolls of remove curse {unknown}
 x - a scroll of fear {unknown}
Potions
 k - a potion of cancellation {unknown}
 l - 2 potions of heal wounds {unknown}
 m - 2 potions of magic {unknown}
 n - 2 potions of invisibility {unknown}
 o - 2 potions of haste
 p - a potion of degeneration {unknown}
 u - a potion of flight {unknown}
 A - a potion of mutation {unknown}
 C - a potion of curing {unknown}


   Skills:
 + Level 7.9 Fighting
 * Level 11.2 Long Blades
 - Level 2.0 Throwing
 - Level 3.2 Dodging


You had 7 spell levels left.
You didn't know any spells.
Your spell library contained the following spells:

 Spells                   Type           Power        Failure   Level
 Animate Skeleton         Necr           0%           52%         1
 Apportation              Tloc           0%           52%         1
 Corona                   Hex            0%           52%         1
 Sandblast                Erth           0%           52%         1
 Summon Small Mammal      Summ           0%           52%         1
 Passwall                 Tmut/Erth      0%           67%         2
 Stone Arrow              Conj/Erth      0%           88%         3
 Petrify                  Tmut/Erth      0%           99%         4
 Lee's Rapid Deconstruct  Erth           0%           100%        5


Dungeon Overview and Level Annotations

Branches:
Dungeon (6/15)
 Temple: D:4-7

Altars:
Vehumet

Annotations:
D:5 eels guarding ring, 1 exclusion


Innate Abilities, Weirdness & Mutations

You reflexively headbutt those who attack you in melee.
You have a pair of horns on your head.


Message History

You headbutt the orc, but do no damage. The orc hits you with a +0 short sword.
You closely miss the orc warrior. Your headbutt misses the orc warrior.
The orc warrior is moderately wounded.
The orc warrior hits you with a +0 scimitar!
The orc hits you with a +0 whip. The orc hits you with a +0 short sword.
You barely miss the orc warrior. You headbutt the orc warrior!
The orc warrior is severely wounded.
The orc warrior hits you with a +0 scimitar!
The orc hits you with a +0 whip. The orc misses you.
You are too injured to fight recklessly!
You hit the orc warrior. Your headbutt misses the orc warrior.
The orc warrior is almost dead.
The orc warrior hits you with a +0 scimitar!
* * * LOW HITPOINT WARNING * * *
The orc closely misses you.
You riposte.
You barely miss the orc. Your headbutt misses the orc.
There is a large open door here.
There is a large open door here.
The orc warrior hits you with a +0 scimitar!
You die...

##################
#).)..............
#)################
#.# ###...........
#.# #.............
#.# #...........#.
#.###++####.###.#.
#.#......#..#.....
#@#.#..#.##.#.#.#.
#ooo.##..'..#.#.#.
#.'..##).'..#.#.#.
###.#..#.##.#.#.#.
#......##.#.#.#
###''###..#.#.#
#.......#+#+#
##..†......
#.........


You could see an orc warrior and 2 orcs.

Vanquished Creatures
  Sigmund (D:3)
  Eustachio (D:5)
  A sky beast (D:6)
  6 ogres
  A phantom (D:5)
  A scorpion (D:4)
  Crazy Yiuf (D:3)
  3 orc priests
  Jessica (D:2)
  3 worker ants
  Natasha (thrice) (D:2)
  5 orc wizards (D:5)
  Terence (D:3)
  Robin (D:3)
  5 adders
  3 gnolls (D:2)
  A shadow imp (D:5)
  2 white imps (D:5)
  An ufetubus (D:5)
  An adder skeleton (D:4)
  A worm (D:4)
  7 dart slugs (D:4)
  4 leopard geckos
  8 orcs
  A ball python (D:3)
  2 giant cockroaches
  13 goblins
  8 hobgoblins
  17 jackals
  A quokka (D:4)
  6 bats
  5 frilled lizards
  A jackal skeleton (D:5)
  4 kobolds
  A leopard gecko skeleton (D:4)
  6 rats
127 creatures vanquished.

Notes
Turn   | Place    | Note
-------+----------+-------------------------------------------
     0 | D:1      | Ladykiller69 the Minotaur Gladiator began the quest for the
                  | Orb.
     0 | D:1      | Reached XP level 1. HP: 18/18 MP: 0/0
   216 | D:1      | Reached skill level 4 in Long Blades
   219 | D:1      | Reached XP level 2. HP: 22/25 MP: 1/1
   657 | D:1      | Reached XP level 3. HP: 28/31 MP: 2/2
  1162 | D:2      | Noticed Natasha
  1168 | D:2      | Killed Natasha
  1169 | D:2      | Reached skill level 5 in Long Blades
  1284 | D:2      | Reached XP level 4. HP: 33/38 MP: 3/3
  1540 | D:2      | Noticed Natasha
  1545 | D:2      | Killed Natasha
  1599 | D:2      | Noticed Natasha
  1610 | D:2      | Killed Natasha
  1611 | D:2      | Reached skill level 6 in Long Blades
  1611 | D:2      | Reached XP level 5. HP: 46/46 MP: 4/4
  1778 | D:2      | Noticed Jessica
  1781 | D:2      | Killed Jessica
  2053 | D:3      | Noticed Terence
  2059 | D:3      | Killed Terence
  2076 | D:3      | Noticed Robin
  2316 | D:3      | Killed Robin
  2404 | D:3      | Found a radiant altar of Vehumet.
  2497 | D:3      | Noticed Sigmund
  2501 | D:3      | Killed Sigmund
  2502 | D:3      | Reached skill level 5 in Fighting
  2502 | D:3      | Reached skill level 7 in Long Blades
  2502 | D:3      | Reached XP level 6. HP: 56/56 MP: 5/5
  2821 | D:3      | Found a runed translucent door.
  2822 | D:3      | Noticed Crazy Yiuf
  2830 | D:3      | Killed Crazy Yiuf
  3087 | D:4      | Reached skill level 8 in Long Blades
  3495 | D:4      | Reached XP level 7. HP: 40/62 MP: 6/6
  4004 | D:4      | HP: 1/63 [ogre/+0 giant club (21)]
  4007 | D:4      | Reached skill level 9 in Long Blades
  4400 | D:5      | Entered Level 5 of the Dungeon
  4715 | D:5      | Noticed Eustachio
  4731 | D:5      | Killed Eustachio
  5203 | D:5      | Reached XP level 8. HP: 71/71 MP: 7/7
  5254 | D:5      | Reached skill level 10 in Long Blades
  6272 | D:6      | Reached skill level 11 in Long Blades
  6610 | D:6      | Slain by an orc warrior

Illustrated notes

Levels and vault maps discovered:
D:1:      ebering_trefoil_twist, layout_basic, chequers_serial_rivers_large_a,
          grunt_decor_one_mirror, minmay_tetromino_i4
D:2:      layout_basic, uniq_jessica, uniq_natasha
D:3:      layout_rooms, vehumet_crystals, uniq_robin, uniq_terence,
          uniq_crazy_yiuf_cottage, uniq_sigmund
D:4:      kennysheep_slugbush, layout_basic
D:5:      cheibrodos_two_vegetables, layout_basic,
          minmay_a_box_with_orc_wizards_in_it, uniq_eustachio
D:6:      layout_basic, nicolae_ru_sacrificial_ziggurat,
          minmay_temple_entry_large_hall, kennysheep_nub,
          kennysheep_generic_room_15, uniq_menkaure

Skill      XL: |  1  2  3  4  5  6  7  8 |
---------------+-------------------------+-----
Long Blades    | 4 5 6 7 8 9 11 | 11.2
Fighting       | 3 4 5 6 7 |  7.9
Throwing       | |  2.0
Dodging        | |  3.2

Action                   |  1- 3 |  4- 6 |  7- 9 || total
-------------------------+-------+-------+-------++-------
Melee: Long sword        |    50 |   103 |   154 ||   307
       Headbutt          |     7 |    20 |    34 ||    61
Throw: Throwing net      |       |       |     2 ||     2
Evoke: Wand              |       |     2 |    14 ||    16
Armor: Leather armour    |    18 |    26 |    28 ||    72
Dodge: Dodged            |    42 |   102 |    94 ||   238
       Rpst.: Long sword |    14 |    17 |    16 ||    47
